 Dungeon Crawl Stone Soup version 0.17.1-3-g152610e (webtiles) character file.

712 Gargoyl the Skirmisher (level 7, -1/55 HPs)
             Began as a Demonspawn Abyssal Knight on Feb 25, 2016.
             Was a Priest of Lugonu.
             Slain by an orc wizard
             ... wielding a +2 dagger of electrocution
              (17 damage)
             ... on level 5 of the Dungeon.
             The game lasted 00:09:13 (5067 turns).

Gargoyl the Skirmisher (Demonspawn Abyssal Knight)  Turns: 5067, Time: 00:09:13

Health: -1/55      AC: 14    Str: 15    XL:     7   Next: 41%
Magic:  9/9        EV:  7    Int: 13    God:    Lugonu [***...]
Gold:   169        SH:  3    Dex: 12    Spells: 0 memorised, 6 levels left

rFire  + . .     SeeInvis .     r - +0 war axe
rCold  . . .     Clarity  .     f - +1 chain mail {rF+}
rNeg   . . .     SustAt   .     (no shield)
rPois  .         Gourm    .     (no helmet)
rElec  .         Spirit   .     k - +0 cloak
rCorr  .         Warding  .     (no gloves)
rMut   .         Stasis   .     (no boots)
MR     .....                    (no amulet)
Stlth  ..........               (no ring)
                                (no ring)

@: not resistant to hostile enchantments, extremely unstealthy
A: hooves 1, large bone plates 2, foul stench 1, rot immunity
a: Depart the Abyss, Bend Space, Banish, Renounce Religion


You were on level 5 of the Dungeon.
You worshipped Lugonu.
Lugonu was most pleased with you.
You were not hungry.

You visited 1 branch of the dungeon, and saw 5 of its levels.
You visited the Abyss 1 time.

You collected 169 gold pieces.

Inventory:

Hand Weapons
 q - a +0 flail
 r - a +0 war axe (weapon)
Missiles
 c - 6 tomahawks (quivered)
Armour
 f - a +1 chain mail of fire resistance (worn)
 k - a +0 cloak (worn)
Scrolls
 d - 3 scrolls of torment {unknown}
 h - 5 scrolls of identify
 j - 3 scrolls of enchant weapon
 l - 2 scrolls of remove curse
 p - 2 scrolls of teleportation
Potions
 e - a potion of might {unknown}
 n - a potion of invisibility
 o - a potion of degeneration {unknown}
 s - a potion of berserk rage
Comestibles
 a - a slice of pizza
 i - a beef jerky
 m - a bread ration


   Skills:
 + Level 4.6 Fighting
 + Level 4.3 Axes
 + Level 4.3 Armour
 + Level 2.9 Dodging
 + Level 1.1 Stealth
 + Level 3.2 Invocations


You had 6 spell levels left.
You didn't know any spells.

Dungeon Overview and Level Annotations

Branches:
Dungeon (5/15)
 Temple: D:4-7

Altars:
Okawaru
Ru
Trog
Yredelemnul
The Shining One

Annotations:
D:3 Zing's ghost, amateur HOFi
D:4 MegaBob's ghost, amateur OgBe
Abyss:1 Grinder


Innate Abilities, Weirdness & Mutations

You have large cloven feet.
You are mostly covered in large bone plates (AC +3, SH +3).
You may emit foul miasma when damaged in melee.
You are immune to rotting.


Message History

The orc wizard hits you but does no damage. x2
You are electrocuted!
* * * LOW HITPOINT WARNING * * *
You hear some strange, mumbled words.
The orc wizard gestures at you while chanting.
The magic dart hits you!
* * * LOW HITPOINT WARNING * * *
Quiver which item? (- for none, * to show all) (? for menu, Esc to quit)
Okay, then.
Quiver which item? (- for none, * to show all) (? for menu, Esc to quit)
Okay, then.
Unknown command.
Quiver which item? (- for none, * to show all) (? for menu, Esc to quit)
Okay, then.
Drink which item? (? for menu, Esc to quit)
You feel better. Something hits you but does no damage.
The orc wizard barely misses you.
The orc wizard hits you but does no damage.
You are electrocuted!
You die...

........##[†...........
........#.<.....#......
#.......#..............
#.#........###..#.##.##
#..........#.......#.#
.#........)##.#.###....
...........#..#.. .....
##.{....#.### ......
#.o@.....# .......
#..o.#.### #.......
#...##.# #....##.#
#.#....?# #.#......
..#..#### #. .... ....


You could see 2 orc wizards.

Vanquished Creatures
  A centaur (D:3)
  Blork the orc (D:4)
  A crimson imp (D:5)
  A centaur skeleton (D:4)
  Crazy Yiuf (D:4)
  3 orc priests (D:3)
  A worker ant (D:3)
  A hound (D:5)
  Natasha (twice) (D:3)
  4 gnolls
  6 adders
  A shadow imp (D:5)
  An ooze (D:3)
  A worm (D:3)
  A giant gecko (D:4)
  11 orcs
  5 giant cockroaches
  5 goblins
  7 hobgoblins
  14 jackals
  2 quokkas (D:4)
  3 bats
  7 giant newts
  A jackal skeleton (D:4)
  6 kobolds
  10 rats
97 creatures vanquished.

Notes
Turn   | Place    | Note
--------------------------------------------------------------
     0 | Abyss:1  | Gargoyl the Demonspawn Abyssal Knight began the quest for the Orb.
     0 | Abyss:1  | Reached XP level 1. HP: 18/18 MP: 2/2
   132 | Abyss:1  | Noticed a small abomination
   200 | Abyss:2  | Noticed a small abomination
   202 | D:1      | Escaped the Abyss
   500 | D:1      | Gained mutation: You have large cloven feet. [demonic ancestry]
   500 | D:1      | Reached XP level 2. HP: 20/24 MP: 4/4
   957 | D:1      | Reached skill level 1 in Dodging
  1050 | D:1      | Reached * piety under Lugonu
  1300 | D:2      | Gained mutation: You are partially covered in large bone plates (AC +2, SH +2). [demonic ancestry]
  1300 | D:2      | Reached XP level 3. HP: 29/29 MP: 5/5
  1328 | D:2      | Found a basalt altar of Yredelemnul.
  1773 | D:2      | Found an iron altar of Okawaru.
  1773 | D:2      | Found a bloodstained altar of Trog.
  1992 | D:2      | Found a glowing golden altar of the Shining One.
  2074 | D:2      | Found a sacrificial altar of Ru.
  2381 | D:2      | Noticed an angel
  2459 | D:3      | Noticed a centaur
  2473 | D:3      | Killed a centaur
  2473 | D:3      | Gained mutation: You are immune to rotting. [demonic ancestry]
  2473 | D:3      | Reached XP level 4. HP: 4/37 MP: 6/6
  2606 | D:3      | Noticed Zing's ghost (amateur HOFi)
  2758 | D:4      | Noticed MegaBob's ghost (amateur OgBe)
  2791 | D:4      | Reached skill level 4 in Fighting
  2791 | D:4      | Gained mutation: You are mostly covered in large bone plates (AC +3, SH +3). [demonic ancestry]
  2791 | D:4      | Reached XP level 5. HP: 34/42 MP: 7/7
  2973 | D:4      | Noticed Blork the orc
  3345 | D:3      | Noticed Natasha
  3351 | D:3      | Killed Natasha
  3473 | D:3      | Reached ** piety under Lugonu
  3511 | D:3      | Noticed Natasha
  3520 | D:3      | Killed Natasha
  3523 | D:3      | Found a glowing golden altar of the Shining One.
  3568 | D:3      | Reached XP level 6. HP: 48/48 MP: 8/8
  3981 | D:4      | Killed Blork the orc
  3981 | D:4      | Reached skill level 1 in Stealth
  4617 | D:4      | Noticed Crazy Yiuf
  4627 | D:4      | Killed Crazy Yiuf
  4627 | D:4      | Gained mutation: You may emit foul miasma when damaged in melee. [demonic ancestry]
  4627 | D:4      | Reached XP level 7. HP: 19/55 MP: 9/9
  4926 | D:5      | Entered Level 5 of the Dungeon
  4941 | D:5      | Reached *** piety under Lugonu
  4949 | D:5      | Noticed Grinder
  5010 | D:5      | Paralysed by Grinder for 2 turns
  5012 | D:5      | Banished Grinder
  5067 | D:5      | Slain by an orc wizard

Action                   |  1- 3 |  4- 6 |  7- 9 || total
-------------------------+-------+-------+-------++-------
Melee: Hand axe          |   153 |    28 |       ||   181
       War axe           |       |   167 |    36 ||   203
Invok: Depart the Abyss  |     1 |       |       ||     1
       Banish            |       |       |     1 ||     1
  Use: Potion            |       |     6 |     1 ||     7
       Scroll            |       |       |     5 ||     5
 Stab: Invisible         |       |     2 |       ||     2
  Eat: Bread ration      |     2 |     1 |       ||     3
       Chunk             |       |     2 |       ||     2
